 Dungeon Crawl Stone Soup version 0.30-a0-377-g5cb311bc9f (webtiles) character file.

Game seed: 168760879170300466

376414 Bnni the Phalangite (level 23, -2/197 HPs)
             Began as a Formicid Fighter on Nov 27, 2022.
             Was an Initiate of Yredelemnul.
             Shot with an arrow by a deep elf master archer (14 damage)
             ... on level 3 of the Elven Halls.
             The game lasted 02:23:50 (49935 turns).

Bnni the Phalangite (Formicid Fighter)             Turns: 49935, Time: 02:23:51

Health: -2/197     AC: 29    Str: 26    XL:     23   Next: 85%
Magic:  5/35       EV: 12    Int: 18    God:    Yredelemnul [......]
Gold:   2683       SH: 25    Dex: 15    Spells: 10/28 levels left

rFire   + . .      SeeInvis +    h - +7 bardiche (freeze)
rCold   + + .      Faith    +    T - +4 tower shield "Unuimona" {rC+}
rNeg    + . .      Spirit   .    G - +5 chain mail "Kamis" {rElec rN+}
rPois   .          Reflect  .    (helmet unavailable)
rElec   +          Harm     .    P - +0 cloak of Cloud Cover {Rampage rC+ Int+3}
rCorr   .          Rampage  +    C - +3 Mad Mage's Maulers {Infuse+∞ RegenMP Int-3}
Will    ++...                    O - +0 pair of boots {Stlth+}
Stlth   ..........               R - amulet of faith
HPRegen 0.52/turn                r - +4 ring of protection
MPRegen 0.64/turn                M - ring "Kauf" {rF+ EV+4 Int+4 Dex+2}

@: mighty, silenced, studying Maces & Flails
A: permanent stasis, dig shafts and tunnels, antennae 3, four strong arms
}: 2/15 runes: serpentine, barnacled
a: Dig, Shaft Self, Renounce Religion


You were on level 3 of the Elven Halls.
You worshipped Yredelemnul.
Yredelemnul was most pleased with you.
You visited 7 branches of the dungeon, and saw 37 of its levels.
You also visited: Ossuary, Gauntlet, Ice Cave and Wizlab.

You collected 4683 gold pieces.
You spent 2000 gold pieces at shops.

Inventory:

Hand Weapons
 h - a +7 bardiche of freezing (weapon)
 y - a +2 triple crossbow of electrocution
Missiles
 a - 9 silver javelins
 b - 7 boomerangs of dispersal
 f - 6 curare-tipped darts (quivered)
 N - 22 boomerangs
 S - 14 javelins
 V - 4 throwing nets
Armour
 w - a +4 plate armour of cold resistance
 C - the +3 Mad Mage's Maulers (worn) {Infuse+∞ RegenMP Int-3}
   (You found it in an ice cave)

   It empowers its wearer's blows with all of their magic.
   It causes its wearer's magical reserves to regenerate more quickly.
   Int:       It affects your intelligence (-3).
 G - the +5 chain mail "Kamis" (worn) {rElec rN+}
   (You found it on level 5 of the Dungeon)

   rElec:     It insulates you from electricity.
   rN:        It protects you from negative energy.
 L - a +0 kite shield of fire resistance
 O - a +0 pair of boots of stealth (worn)
 P - the +0 cloak of Cloud Cover (worn) {Rampage rC+ Int+3}
   (You found it in a Gauntlet)

   Int:       It affects your intelligence (+3).
   rC:        It protects you from cold.
   Rampage:   It bestows one free step when moving towards enemies.
 T - the +4 tower shield "Unuimona" (worn) {rC+}
   (You bought it in a shop on level 2 of the Snake Pit)

   rC:        It protects you from cold.
Jewellery
 p - a ring of positive energy
 r - a +4 ring of protection (left hand)
 t - an amulet of regeneration
 v - a ring of resist corrosion
 M - the ring "Kauf" (right hand) {rF+ EV+4 Int+4 Dex+2}
   (You found it on level 9 of the Dungeon)

   [ring of evasion]

   EV:        It affects your evasion (+4).
   Int:       It affects your intelligence (+4).
   Dex:       It affects your dexterity (+2).
   rF:        It protects you from fire.
 R - an amulet of faith (around neck)
 W - a ring of poison resistance
Wands
 c - a wand of iceblast (31)
 q - a wand of mindburst (13)
 x - a wand of digging (5)
 D - a wand of light (23)
Scrolls
 g - 8 scrolls of poison
 i - 4 scrolls of amnesia
 k - 8 scrolls of fog
 l - 3 scrolls of silence
 m - a scroll of summoning
 o - 4 scrolls of brand weapon
 s - 4 scrolls of immolation
 u - 2 scrolls of magic mapping
 z - 8 scrolls of enchant armour
 A - 13 scrolls of vulnerability
 B - 8 scrolls of identify
 F - 6 scrolls of fear
Potions
 d - 4 potions of might
 e - 13 potions of lignification
 j - 3 potions of resistance
 n - 8 potions of curing
 E - a potion of magic
 H - 3 potions of attraction
 I - 3 potions of mutation
 J - 7 potions of flight
 K - 5 potions of ambrosia
Miscellaneous
 Q - a phial of floods (inert)
 U - a phantom mirror (inert)


   Skills:
 + Level 20.2 Fighting
 - Level 24.0 Polearms
 + Level 6.8 Throwing
 + Level 12.1 Armour
 - Level 20.0 Shields
 + Level 3.3 Spellcasting
 - Level 5.0 Hexes
 * Level 9.0 Translocations
 + Level 4.2 Air Magic
 - Level 17.7 Invocations


You had 10 spell levels left.
You knew the following spells:

 Your Spells              Type           Power      Damage    Failure   Level
a - Lesser Beckoning      Tloc           70%        N/A       9%          3
c - Portal Projectile     Hex/Tloc       56%        N/A       21%         3
d - Vhi's Electric Charg  Tloc/Air       52%        N/A       24%         3
e - Passage of Golubria   Tloc           35%        N/A       28%         4
h - Anguish               Hex/Necr       5%         N/A       99%         4
z - Apportation           Tloc           70%        N/A       3%          1

Your spell library contained the following spells:

 Spells                   Type           Power      Damage    Failure   Level
 Teleport Other           Tloc           35%        N/A       9%          3
 Slow                     Hex            80%        N/A       16%         1
 Momentum Strike          Conj/Tloc      38%        3d9       28%         2
 Confusing Touch          Hex            20%        N/A       43%         3
 Tukima's Dance           Hex            20%        N/A       43%         3
 Ensorcelled Hibernation  Hex/Ice        22%        N/A       54%         2
 Poisonous Vapours        Pois/Air       20%        N/A       58%         2
 Static Discharge         Conj/Air       20%        2-3/arc   58%         2
 Cigotuvi's Dreadful Rot  Necr/Pois/Air  16%        N/A       71%         2
 Beastly Appendage        Tmut           4%         N/A       77%         1
 Freeze                   Ice            8%         1d3       77%         1
 Magic Dart               Conj           8%         1d3       77%         1
 Necrotise                Necr           8%         1d4       77%         1
 Dazzling Flash           Conj/Hex       22%        N/A       78%         3
 Inner Flame              Hex/Fire       11%        N/A       78%         3
 Summon Guardian Golem    Hex/Summ       11%        N/A       78%         3
 Passwall                 Tmut/Erth      1%         N/A       88%         2
 Searing Ray              Conj           4%         2d4       88%         2
 Iskenderun's Mystic Bla  Conj/Tloc      19%        2d6       88%         4
 Mephitic Cloud           Conj/Pois/Air  8%         N/A       90%         3
 Call Canine Familiar     Summ           2%         N/A       98%         3
 Frozen Ramparts          Ice            4%         1d1       98%         3
 Hailstorm                Conj/Ice       2%         3d3       98%         3
 Ignite Poison            Fire/Tmut/Pois 2%         N/A       98%         3
 Spider Form              Tmut/Pois      2%         N/A       98%         3
 Stone Arrow              Conj/Erth      4%         3d7       98%         3
 Vampiric Draining        Necr           2%         2d6       98%         3
 Fulminant Prism          Conj/Hex       5%         3d7       99%         4
 Leda's Liquefaction      Hex/Erth       5%         N/A       99%         4
 Silence                  Hex/Air        9%         N/A       99%         5
 Animate Armour           Summ/Erth      4%         N/A       100%        4
 Olgreb's Toxic Radiance  Pois           2%         N/A       100%        4
 Agony                    Necr           2%         N/A       100%        5
 Alistair's Intoxication  Tmut/Pois      1%         N/A       100%        5
 Arcjolt                  Conj/Air       5%         1d15      100%        5
 Blade Hands              Tmut           1%         N/A       100%        5
 Irradiate                Conj/Tmut      1%         3d12      100%        5
 Lightning Bolt           Conj/Air       5%         1d17      100%        5
 Yara's Violent Unravell  Hex/Tmut       5%         3d4       100%        5
 Eringya's Noxious Bog    Tmut/Pois      1%         N/A       100%        6
 Starburst                Conj/Fire      1%         6d3       100%        6
 Statue Form              Tmut/Erth      1%         N/A       100%        6
 Dragon Form              Tmut           1%         N/A       100%        7
 Enfeeble                 Hex            10%        N/A       100%        7
 Haunt                    Necr/Summ      1%         N/A       100%        7
 Malign Gateway           Summ/Tloc      9%         N/A       100%        7
 Orb of Destruction       Conj           1%         9d5       100%        7
 Spellforged Servitor     Conj/Summ      1%         N/A       100%        7
 Infestation              Necr           1%         N/A       100%        8
 Lehudib's Crystal Spear  Conj/Erth      1%         10d2      100%        8
 Summon Horrible Things   Summ           1%         N/A       100%        8
 Blink                    Tloc           Unusable   N/A       N/A         2
 Swiftness                Air            Unusable   N/A       N/A         3
 Animate Dead             Necr           Unusable   N/A       N/A         4

Dungeon Overview and Level Annotations

Branches:
Dungeon (15/15)            Temple (0/1) D:7            Lair (5/5) D:8
 Shoals (4/4) Lair:3        Snake (4/4) Lair:2        Slime (0/5) Lair:5
    Orc (2/2) D:9             Elf (3/3) Orc:2        Vaults (4/5) D:13
  Crypt (0/3) Vaults:3     Depths (0/4) D:15        Ossuary (visited)
  IceCv (visited)          WizLab (visited)         Gauntlet (visited)

Altars:
Ashenzari
Cheibriados
Elyvilon
Gozag
Nemelex Xobeh
Okawaru
Trog
Uskayaw
Vehumet
Wu Jian
Yredelemnul
Jiyva

Shops:
D:8 *   D:12 !   Orc:1 ??   Orc:2 !?*[   Elf:1 :   Shoals:4 ?   Snake:2 (**[
Vaults:1 (   Vaults:2 (


Innate Abilities, Weirdness & Mutations

You cannot be hasted, slowed, berserked, paralysed or teleported.
You can dig through walls and to a lower floor.
You have a pair of large antennae on your head. (SInv)
Your four strong arms can wield two-handed weapons with a shield.


Message History

Your Ice Fiend claws the Ice Fiend.
Your Ice Fiend freezes the Ice Fiend.
The Ice Fiend completely resists.
You block the deep elf elementalist's attack.
You block the deep elf sorcerer's attack.
Aiming: Bolt of Light
Press: ? - help, Shift-Dir - straight line, f - deep elf demonologist, p - Ice Fiend
Aim: a deep elf demonologist, wielding a +1 long sword of holy wrath (silenced, severely wounded, spells empowered, 60% to hit)
The bolt of light misses the deep elf master archer.
The bolt of light hits the deep elf demonologist!
The deep elf demonologist is almost dead.
The deep elf demonologist is blinded.
You block the deep elf elementalist's attack.
The deep elf elementalist hits you but does no damage.
You block the deep elf sorcerer's attack.
The Ice Fiend claws your Ice Fiend!! The Ice Fiend freezes your Ice Fiend.
Your Ice Fiend completely resists.
The Ice Fiend claws your Ice Fiend. The Ice Fiend freezes your Ice Fiend.
Your Ice Fiend completely resists.
Your Ice Fiend claws the Ice Fiend!
Your Ice Fiend freezes the Ice Fiend.
The Ice Fiend completely resists.
Your Ice Fiend claws the Ice Fiend.
Your Ice Fiend freezes the Ice Fiend.
The Ice Fiend completely resists.
The deep elf master archer shoots an arrow.
The arrow closely misses you.
The deep elf blademaster barely misses you.
The deep elf blademaster hits you but does no damage.
You feel better.
The earth elemental disappears in a puff of smoke!
The deep elf elementalist hits you but does no damage.
You block the deep elf sorcerer's attack.
The deep elf master archer shoots an arrow.
You block the arrow.
You block the deep elf blademaster's attack. x2
The Ice Fiend claws your Ice Fiend but does no damage.
The Ice Fiend claws your Ice Fiend. The Ice Fiend freezes your Ice Fiend.
Your Ice Fiend completely resists.
Your Ice Fiend claws the Ice Fiend but does no damage. x2
The deep elf master archer shoots an arrow.
The arrow hits you!
You die...
Your body rises from the dead as a mindless zombie.

# **,#*#4e###,** #
**#.#..#.##* #
#.#..#..# #
#..)....## #
#...))...## #######
##..).)....#
......#*#...)..e§..#
......##..#...eeee.#
......##.###.§1e@e.#
......#..* #§§.1.e.#
......#.** ###§....#
......#,* ####.##
......#,** ##.#
#######.,* #Z##
######*..** ##Z#
.....#**#.#####{##
####.# #...ZZ{.#


You could see a deep elf blademaster, an Ice Fiend (summoned, unsilenced,
distracted, ally target), a deep elf master archer, a deep elf annihilator
(empowered), a deep elf sorcerer (fast, empowered), 2 deep elf elementalists, a
deep elf demonologist (empowered, blind), a deep elf high priest (brilliance
aura) and a friendly Ice Fiend (summoned, unsilenced, drained).

Vanquished Creatures
  Vashnia (Snake:2)
  A bone dragon (Vaults:3)
  A tentacled monstrosity (Shoals:3)
  A walking crystal tome (WizLab)
  A lich (Vaults:4)
  A walking divine tome (WizLab)
  A kraken (Shoals:3)
  A shadow dragon (Vaults:1)
  2 sphinxes (Vaults:4)
  A tengu reaver (Vaults:1)
  2 strange machines (WizLab)
  15 nagarajas (Snake:4)
  A fire giant (Vaults:3)
  Roxanne (Snake:4)
  3 deep elf sorcerers
  7 vault wardens
  6 deep elf elementalists
  A reaper (IceCv)
  9 ironbound preservers
  2 war gargoyles
  4 very ugly things
  2 stone giants
  3 ironbound thunderhulks
  A deep elf annihilator (Elf:3)
  A deep elf demonologist (Elf:3)
  17 dire elephants
  A minotaur (Gauntlet)
  Azrael (Snake:2)
  2 crystal guardians
  The ghost of borntocrawl the Cruncher, a journeyman TeGl of Sif Muna (Lair:5)
  3 deep elf death magi
  2 ettins
  2 merfolk javelineers (Shoals:4)
  10 yaktaur captains
  An entropy weaver (Vaults:3)
  7 merfolk impalers
  Fannar (Lair:1)
  3 salamander tyrants
  7 rakshasas (WizLab)
  5 great orbs of eyes
  3 hydras
  14 vault guards
  2 ogre magi
  3 peacekeepers
  A catoblepas (Gauntlet)
  9 centaur warriors
  4 ironbound frosthearts
  5 boulder beetles
  4 anacondas
  2 two-headed ogres
  A satyr (Shoals:4)
  17 dancing weapons
  A merfolk avatar (Shoals:2)
  14 naga warriors
  14 death yaks
  An alligator snapping turtle (Shoals:4)
  6 tengu warriors
  A deep troll shaman (Lair:5)
  3 orc high priests (Orc:2)
  19 naga sharpshooters
  3 shock serpents
  4 skeletal warriors (D:15)
  12 deep elf knights
  4 salamander mystics
  4 sea snakes
  A kraken simulacrum (Shoals:4)
  29 deep trolls
  4 naga ritualists
  15 lindwurms
  16 harpies
  5 orc knights
  12 wizards
  18 deep elf pyromancers
  A necromancer (D:15)
  9 ironbound convokers
  4 deep elf archers
  An oklob plant (Gauntlet)
  5 orc sorcerers
  14 deep elf zephyrmancers
  2 mana vipers (Snake:2)
  A faun (Shoals:3)
  42 ugly things
  6 manticores
  5 cyclopes
  14 salamanders
  2 water nymphs
  8 merfolk sirens
  25 black mambas
  2 elephants (Lair:5)
  9 naga magi
  3 guardian serpents
  2 gargoyles
  2 molten gargoyles (Gauntlet)
  An ice statue (IceCv)
  11 cane toads
  16 vault sentinels
  2 orange demons (D:13)
  6 komodo dragons
  Maggie (Lair:2)
  A rime drake (Lair:3)
  2 freezing wraiths
  26 yaktaurs
  4 tengu conjurers
  A red devil (D:13)
  23 merfolk
  A hornet (D:9)
  2 ice devils (IceCv)
  9 trolls
  6 meliai (D:13)
  A wolf spider simulacrum (D:14)
  5 wind drakes
  2 polar bears
  30 slime creatures
  4 dream sheep
  5 snapping turtles
  11 blink frogs
  2 air elementals
  A ynoxinul (Gauntlet)
  28 yaks
  7 water elementals
  2 wyverns
  3 fire elementals
  A dire elephant simulacrum (IceCv)
  4 basilisks
  6 vampire mosquitoes
  2 wraiths
  3 steam dragons
  A death yak simulacrum (IceCv)
  A redback (Vaults:4)
  33 nagas
  A harpy simulacrum (IceCv)
  7 wargs
  2 acid dragons (Gauntlet)
  2 hell hounds (Snake:2)
  8 water moccasins
  16 orc warriors
  An ice beast (D:6)
  6 sky beasts
  2 black bears (Lair:5)
  3 ogres
  9 centaurs
  5 wolves
  2 kobold brigands (D:8)
  12 bullfrogs
  A necrophage (D:7)
  3 earth elementals
  2 gnoll sergeants (D:9)
  4 scorpions
  A cane toad simulacrum (IceCv)
  6 two-headed ogre simulacra (IceCv)
  4 wights (D:9)
  5 elephant simulacra (IceCv)
  10 killer bees
  3 electric eels
  2 howler monkeys
  A centaur zombie (Lair:3)
  13 orc priests
  5 hounds
  A gnoll bouda (D:4)
  2 iron imps (Gauntlet)
  Jessica (D:2)
  2 iguanas
  16 orc wizards
  5 spriggan simulacra (IceCv)
  4 polar bear simulacra (IceCv)
  6 troll simulacra (IceCv)
  2 wolf simulacra (IceCv)
  A mummy (Ossuary)
  13 gnolls
  5 adders
  7 naga simulacra (IceCv)
  2 shadow imps
  12 white imps
  13 ufetubi
  2 worms
  A dart slug (D:2)
  59 orcs
  8 ball pythons
  5 bats
  7 endoplasms
  3 giant cockroaches
  12 hobgoblins
  9 jackals
  16 kobolds
  5 quokkas
  6 frilled lizards
  4 gnoll skeletons (Ossuary)
  6 goblins
  9 kobold skeletons (Ossuary)
  12 orc skeletons (Ossuary)
  9 rats
  A tentacle (Shoals:3)
1206 creatures vanquished.

Vanquished Creatures (collateral kills)
  A kraken (Shoals:3)
  Polyphemus (Shoals:3)
  3 nagarajas
  Ilsuiw (Shoals:2)
  2 vault wardens
  Louise (D:14)
  An orc warlord (Vaults:1)
  5 ironbound preservers
  2 very ugly things
  3 ironbound thunderhulks
  A war gargoyle (Vaults:4)
  7 dire elephants
  A deep elf annihilator (Vaults:3)
  A crystal guardian (Vaults:4)
  2 entropy weavers
  A merfolk javelineer (Shoals:4)
  7 merfolk impalers
  4 yaktaur captains
  3 great orbs of eyes
  A vault guard (D:13)
  2 catoblepae
  A two-headed ogre (Orc:1)
  6 centaur warriors
  4 ironbound frosthearts
  An alligator snapping turtle (Shoals:1)
  2 anacondas (Snake:2)
  A boulder beetle (D:10)
  A merfolk avatar (Shoals:1)
  2 dancing weapons (Elf:1)
  2 merfolk aquamancers
  An alligator (Shoals:1)
  2 naga warriors
  A death knight (D:14)
  3 death yaks (Lair:5)
  2 naga sharpshooters (Snake:4)
  2 deep elf knights
  A salamander mystic (Snake:2)
  A skeletal warrior (D:15)
  15 deep trolls
  6 sea snakes
  3 deep elf archers
  2 deep elf zephyrmancers
  5 orc knights
  14 harpies
  A wizard (D:15)
  4 ironbound convokers
  3 lindwurms
  A human zombie (Vaults:1)
  12 ugly things
  2 mana vipers (Snake:1)
  5 manticores
  5 fauns
  4 salamanders
  A moth of wrath (shapeshifter) (D:15)
  A cyclops (Orc:1)
  6 merfolk sirens
  2 elephants (Lair:5)
  An apocalypse crab (Shoals:3)
  4 water nymphs
  3 vault sentinels
  5 black mambas
  2 guardian serpents
  3 orange demons (D:13)
  2 naga magi
  2 cane toads (Lair:2)
  12 yaktaurs
  A tengu conjurer (D:15)
  2 komodo dragons
  A rime drake (Lair:5)
  2 trolls (Orc:2)
  2 polar bears
  6 wind drakes
  A meliai (shapeshifter) (D:13)
  12 blink frogs
  6 slime creatures
  16 merfolk
  18 dream sheep
  5 snapping turtles
  A wind drake zombie (Shoals:4)
  A wyvern (Lair:3)
  4 water elementals (Shoals:2)
  A basilisk (Lair:5)
  2 yaks (Lair:5)
  8 nagas
  A merfolk zombie (Shoals:3)
  4 water moccasins
  6 orc warriors
  A snapping turtle zombie (Shoals:3)
  5 ogres
  A sky beast (Shoals:1)
  4 wolves (Lair:5)
  2 centaurs (Lair:3)
  2 bullfrogs
  A gnoll sergeant (D:8)
  An earth elemental (Elf:1)
  A scorpion (D:5)
  A wight (D:9)
  2 electric eels (D:8)
  9 orc priests
  A hound (D:6)
  13 orc wizards
  3 gnolls
  A white imp (D:11)
  An ufetubus (IceCv)
  24 orcs
  A hobgoblin (D:9)
  A rat zombie (D:6)
  3 bushes (Lair:5)
  A fungus (Lair:4)
  A tentacle (Shoals:3)
389 creatures vanquished.

Vanquished Creatures (others)
  A walking earthen tome (WizLab)
  spectral Mlioglotl (Vaults:1)
  2 very ugly thing zombies (Vaults:3)
  2 spectral humans
  A kraken zombie (Shoals:3)
  2 spectral yaktaurs
  A spectral elf (Elf:3)
  A merfolk aquamancer (Shoals:2)
  A spectral centaur (Snake:2)
  A deep elf knight (Elf:3)
  A spectral shock serpent (Snake:4)
  2 anaconda zombies
  A deep elf archer (Elf:1)
  An orc knight (Orc:2)
  18 ugly thing zombies
  5 dire elephant zombies (Vaults:1)
  3 spectral rakshasas (WizLab)
  2 sea snake zombies
  A yaktaur (Vaults:2)
  A hydra zombie (D:14)
  21 human zombies
  11 harpy zombies
  A spectral naga (Snake:3)
  2 ettin zombies
  2 guardian serpent zombies (Snake:4)
  2 meliai zombies (D:13)
  A boulder beetle zombie (Vaults:1)
  3 great orb of eyes zombies
  8 black mamba zombies
  A culicivora (Vaults:4)
  A spectral ice devil (IceCv)
  12 slime creature zombies
  2 spectral orange demons (D:13)
  16 deep troll zombies
  A water nymph zombie (Shoals:3)
  11 salamander zombies
  5 tengu zombies
  3 cane toad zombies
  A two-headed ogre zombie (Orc:1)
  2 entropy weaver zombies
  A manticore zombie (Shoals:2)
  A dream sheep zombie (Lair:5)
  An orc warrior (Orc:1)
  18 naga zombies
  A hornet zombie (D:9)
  5 merfolk zombies
  9 lindwurm zombies
  3 blink frog zombies
  A snapping turtle zombie (Shoals:4)
  21 elf zombies
  A rime drake zombie (Lair:5)
  2 vampire mosquito zombies (D:12)
  18 yaktaur zombies
  2 cyclops zombies
  A hell hound zombie (Snake:2)
  A wyvern zombie (Lair:3)
  2 warg zombies (Orc:1)
  A yak zombie (D:9)
  4 troll zombies
  3 wolf zombies
  4 bullfrog zombies
  5 centaur zombies
  2 basilisk zombies
  An orc wizard (Orc:2)
  A scorpion zombie (D:6)
  3 killer bee zombies (D:10)
  6 ogre zombies
  3 hound zombies (D:8)
  2 spectral electric eels (D:8)
  A gnoll (D:8)
  A steam dragon zombie (D:8)
  An ufetubus (IceCv)
  An adder zombie (D:6)
  A spectral iron imp (Gauntlet)
  A spectral shadow imp (D:6)
  A spectral white imp (D:11)
  6 gnoll zombies
  A goblin zombie (D:4)
  2 kobolds (D:8)
  4 kobold zombies (D:8)
  50 orc zombies
  7 spectral ufetubi (IceCv)
  52 fungi
  132 plants
  9 starspawn tentacles
  30 tentacles
577 creatures vanquished.

Grand Total: 2172 creatures vanquished

Notes
Turn   | Place    | Note
-------+----------+-------------------------------------------
     0 | D:1      | Bnni the Formicid Fighter began the quest for the Orb.
     0 | D:1      | Reached XP level 1. HP: 18/18 MP: 1/1
   149 | D:1      | Reached XP level 2. HP: 16/24 MP: 2/2
   213 | D:1      | Found a faded altar of an unknown god.
   464 | D:1      | Reached XP level 3. HP: 29/29 MP: 3/3
  1066 | D:2      | Reached skill level 3 in Polearms
  1066 | D:2      | Reached skill level 5 in Shields
  1066 | D:2      | Reached XP level 4. HP: 25/37 MP: 4/4
  1401 | D:2      | Noticed Jessica
  1407 | D:2      | Killed Jessica
  1772 | D:3      | Reached XP level 5. HP: 31/42 MP: 5/5
  2173 | D:3      | Reached skill level 4 in Polearms
  2339 | D:3      | Found an iron altar of Okawaru.
  2351 | D:3      | Found a basalt altar of Yredelemnul.
  2359 | D:3      | Became a worshipper of Yredelemnul the Dark
  2364 | D:3      | Found a snail-covered altar of Cheibriados.
  2674 | D:4      | Found a broken altar of Ashenzari.
  2779 | D:4      | Found a hide-covered altar of Uskayaw.
  2905 | D:4      | Reached XP level 6. HP: 49/49 MP: 6/6
  2922 | D:4      | Reached skill level 1 in Invocations
  3232 | D:4      | Found a white marble altar of Elyvilon.
  3234 | D:4      | Found an ornate altar of the Wu Jian Council.
  3500 | D:4      | Reached * piety under Yredelemnul
  3669 | D:5      | Entered Level 5 of the Dungeon
  3778 | D:5      | Found a bloodstained altar of Trog.
  3795 | D:5      | Reached skill level 5 in Polearms
  3840 | D:5      | Reached skill level 5 in Fighting
  3840 | D:5      | Reached XP level 7. HP: 43/56 MP: 8/8
  3929 | D:5      | Reached ** piety under Yredelemnul
  4071 | D:5      | Identified the +5 chain mail "Kamis" {rElec rN+}
  4279 | D:5      | Reached skill level 6 in Polearms
  4305 | D:5      | Reached XP level 8. HP: 43/63 MP: 10/10
  4441 | D:5      | Found a radiant altar of Vehumet.
  4857 | D:6      | Reached skill level 7 in Polearms
  4956 | D:6      | Reached *** piety under Yredelemnul
  5023 | D:6      | Found a sand-covered staircase.
  5032 | Ossuary  | Entered an ossuary
  5032 | Ossuary  | Noticed a wraith
  5032 | Ossuary  | Noticed a wraith
  5032 | Ossuary  | Noticed a wraith
  5084 | Ossuary  | Noticed a wraith
  5105 | Ossuary  | Killed a wraith
  5106 | Ossuary  | Reached skill level 5 in Invocations
  5106 | Ossuary  | Reached XP level 9. HP: 67/71 MP: 12/12
  5446 | D:6      | Reached skill level 8 in Polearms
  5890 | D:6      | Identified the +10 long sword "Viel" {vorpal, *Corrode
                  | rPois Will++ Int+2}
  6561 | D:7      | Reached skill level 9 in Polearms
  6574 | D:7      | Found a staircase to the Ecumenical Temple.
  7155 | D:8      | Reached XP level 10. HP: 61/80 MP: 15/15
  7171 | D:8      | Found a staircase to the Lair.
  7196 | D:8      | Reached skill level 10 in Polearms
  7623 | D:8      | Identified a scroll of acquirement
  7624 | D:8      | Acquired a +2 bardiche of freezing
  7655 | D:8      | Found a sparkling altar of Nemelex Xobeh.
  7864 | D:8      | Found Aricut's Demolitions Depot.
  8062 | D:8      | Reached **** piety under Yredelemnul
  8529 | D:9      | Reached skill level 11 in Polearms
  8814 | D:9      | Found a runed translucent door.
  8814 | D:9      | Noticed a purple ugly thing
  8817 | D:9      | Killed a purple ugly thing
  8818 | D:9      | Reached XP level 11. HP: 85/89 MP: 17/17
  8874 | D:9      | Found a staircase to the Orcish Mines.
  9178 | D:9      | Reached ***** piety under Yredelemnul
  9381 | D:9      | Noticed a tengu warrior
  9394 | D:9      | Killed a tengu warrior
  9416 | D:9      | Noticed a boulder beetle
  9430 | D:9      | Killed a boulder beetle
  9432 | D:9      | Noticed an ogre mage
  9432 | D:9      | Noticed a manticore
  9436 | D:9      | Killed a manticore
  9437 | D:9      | Reached skill level 12 in Polearms
  9438 | D:9      | Killed an ogre mage
  9451 | D:9      | Identified the ring "Kauf" {rF+ EV+4 Int+4 Dex+2}
  9527 | D:10     | Entered Level 10 of the Dungeon
  9542 | D:10     | Noticed a two-headed ogre
  9558 | D:10     | Killed a two-headed ogre
  9695 | D:10     | Reached skill level 10 in Fighting
  9972 | D:10     | Noticed a boulder beetle
  9983 | D:10     | Killed a boulder beetle
  9984 | D:10     | Reached XP level 12. HP: 82/97 MP: 19/19
 10112 | D:11     | Found a frozen archway.
 10215 | IceCv    | Entered an ice cave
 10450 | IceCv    | Identified the amulet of the Devil's Team {Faith rC- Int+5}
 10802 | IceCv    | Reached skill level 10 in Shields
 10984 | IceCv    | Reached skill level 10 in Invocations
 11233 | IceCv    | Noticed a reaper
 11252 | IceCv    | Killed a reaper
 11253 | IceCv    | Reached skill level 13 in Polearms
 11406 | IceCv    | Found the +3 Mad Mage's Maulers {Infuse+∞ RegenMP Int-3}
 11456 | IceCv    | Identified the +2 long sword of Death's Door {vamp, rF++}
 12341 | D:12     | HP: 4/100 [enormous slime creature (67)]
 12846 | D:12     | Reached skill level 14 in Polearms
 12846 | D:12     | Reached XP level 13. HP: 103/105 MP: 1/21
 13092 | D:12     | Found Rastutri's Distillery.
 13952 | D:13     | Reached skill level 15 in Polearms
 14339 | D:13     | Acquired 582 gold pieces
 14608 | D:13     | Noticed a vault guard
 14608 | D:13     | Noticed a vault guard
 15011 | D:13     | Killed a vault guard
 15023 | D:13     | Noticed a vault guard
 15042 | D:13     | Killed a vault guard
 15043 | D:13     | Reached XP level 14. HP: 81/116 MP: 1/23
 15213 | D:13     | Found a gate to the Vaults.
 15582 | D:14     | Reached skill level 16 in Polearms
 15751 | D:14     | Found a gate leading to a gauntlet.
 15785 | Gauntlet | Entered a Gauntlet
 15785 | Gauntlet | Found a transporter.
 15785 | Gauntlet | Found a transporter.
 15785 | Gauntlet | Found a transporter.
 15786 | Gauntlet | Found a transporter.
 15787 | Gauntlet | Found a transporter.
 15790 | Gauntlet | Found a transporter.
 15797 | Gauntlet | Found a transporter.
 15798 | Gauntlet | Found a transporter.
 15799 | Gauntlet | Found a transporter.
 15804 | Gauntlet | Found a transporter.
 15810 | Gauntlet | Found a transporter.
 15810 | Gauntlet | Found a transporter.
 16183 | Gauntlet | Identified the +0 cloak of Cloud Cover {Rampage rC+ Int+3}
 16227 | Gauntlet | Noticed a minotaur
 16229 | Gauntlet | Killed a minotaur
 17022 | D:14     | Noticed Louise
 17042 | D:14     | Killed Louise
 17496 | D:15     | Entered Level 15 of the Dungeon
 17556 | D:15     | Reached skill level 17 in Polearms
 17787 | D:15     | Found a staircase to the Depths.
 17819 | D:15     | Reached XP level 15. HP: 71/125 MP: 1/25
 19438 | Lair:1   | Entered Level 1 of the Lair of Beasts
 19442 | Lair:1   | Noticed Fannar
 19448 | Lair:1   | Killed Fannar
 19452 | Lair:1   | Your ally Fannar died
 20536 | Lair:2   | Reached skill level 18 in Polearms
 20764 | Lair:2   | Found a staircase to the Snake Pit.
 21056 | Lair:2   | Noticed Maggie
 21059 | Lair:2   | Killed Maggie
 21417 | Lair:3   | Found a staircase to the Shoals.
 21424 | Lair:3   | Reached skill level 15 in Invocations
 21641 | Lair:3   | Noticed Gastronok
 21652 | Lair:3   | Killed Gastronok
 21652 | Lair:3   | Enslaved Gastronok
 22837 | Lair:4   | Reached XP level 16. HP: 134/134 MP: 0/27
 23005 | Lair:4   | Reached ****** piety under Yredelemnul
 23852 | Lair:5   | Entered Level 5 of the Lair of Beasts
 23852 | Lair:5   | Noticed Nessos
 23987 | Lair:5   | Reached skill level 15 in Fighting
 24002 | Lair:5   | Noticed borntocrawl's ghost (journeyman TeGl)
 24032 | Lair:5   | Reached skill level 19 in Polearms
 24032 | Lair:5   | Killed Nessos
 24032 | Lair:5   | Enslaved Nessos
 25018 | Lair:5   | Found a runed translucent door.
 25026 | Lair:5   | Found a viscous altar of Jiyva.
 25039 | Lair:5   | Killed borntocrawl's ghost
 25091 | Lair:5   | Found a staircase to the Slime Pits.
 25429 | Orc:1    | Entered Level 1 of the Orcish Mines
 25432 | Orc:1    | Found Wovehops's Magic Scroll Emporium.
 25612 | Orc:1    | Found Jeen's Magic Scroll Emporium.
 25855 | Orc:2    | Entered Level 2 of the Orcish Mines
 25861 | Orc:2    | Reached XP level 17. HP: 142/144 MP: 1/29
 25920 | Orc:2    | Found a staircase to the Elven Halls.
 26113 | Orc:2    | Reached skill level 20 in Polearms
 26123 | Orc:2    | Found Renul's Armour Boutique.
 26123 | Orc:2    | Found Ixyeclya's Distillery.
 26126 | Orc:2    | Found Mieman's General Store.
 26126 | Orc:2    | Found Xorypus's Magic Scroll Shoppe.
 26137 | Orc:2    | Bought a potion of curing for 45 gold pieces
 26137 | Orc:2    | Bought a potion of heal wounds for 75 gold pieces
 26137 | Orc:2    | Bought a potion of heal wounds for 75 gold pieces
 26470 | Orc:2    | Bought a +2 plate armour of poison resistance for 444 gold
                  | pieces
 26613 | Snake:1  | Entered Level 1 of the Snake Pit
 26869 | Snake:1  | You fall into a shaft and drop 1 floor!
 26968 | Snake:2  | Found Cocwut's Mass Market.
 26974 | Snake:2  | Bought the +4 tower shield "Unuimona" {rC+} for 616 gold
                  | pieces
 27113 | Snake:2  | Noticed Vashnia
 27133 | Snake:2  | Killed Vashnia
 27150 | Snake:2  | Your ally Nessos died
 27417 | Snake:2  | Noticed Azrael
 27429 | Snake:2  | Killed Azrael
 28162 | Snake:2  | Found Feidyacs's Antique Weapon Emporium.
 28189 | Snake:2  | Found Vyghonuc's Antique Armour Shoppe.
 28194 | Snake:2  | Found Ubaivics's General Store.
 28247 | Snake:2  | Bought a potion of curing for 57 gold pieces
 28508 | Snake:2  | Bought a scroll of fog for 76 gold pieces
 29296 | Snake:1  | Reached XP level 18. HP: 153/153 MP: 0/30
 29513 | Snake:2  | Learned a level 3 spell: Vhi's Electric Charge
 29831 | Snake:3  | Found an opulent altar of Gozag.
 30149 | Snake:3  | Reached skill level 21 in Polearms
 30433 | Snake:4  | Entered Level 4 of the Snake Pit
 30769 | Snake:4  | Identified the +6 falchion "Obefay" {vorpal, rF+ rC- Dex+2}
 31341 | Snake:4  | Reached skill level 15 in Shields
 31345 | Snake:4  | Identified Roxanne's Almanac of Sculpting
 31345 | Snake:4  | Noticed Roxanne
 31419 | Snake:4  | Killed Roxanne
 31864 | Snake:4  | Reached XP level 19. HP: 161/161 MP: 0/31
 32143 | Snake:4  | Got a serpentine rune of Zot
 32387 | Shoals:1 | Entered Level 1 of the Shoals
 32618 | Shoals:1 | Reached skill level 5 in Armour
 33740 | Shoals:2 | Noticed Mlioglotl
 33760 | Shoals:2 | Killed Mlioglotl
 33760 | Shoals:2 | Enslaved Mlioglotl
 33765 | Shoals:2 | Reached skill level 22 in Polearms
 33943 | Shoals:2 | Noticed Ilsuiw
 33960 | Shoals:2 | Killed Ilsuiw
 35017 | Shoals:3 | Noticed Polyphemus
 35027 | Shoals:3 | Killed Polyphemus
 35182 | Shoals:3 | Reached XP level 20. HP: 169/170 MP: 7/32
 35201 | Shoals:3 | Noticed a tentacled monstrosity
 35203 | Shoals:3 | Killed a tentacled monstrosity
 35210 | Shoals:3 | Got the Cyclopedia of Mad Ravings
 35212 | Shoals:3 | Identified the ring "Nettoghi" {*Corrode +Blink rPois Will+
                  | Stlth+}
 35410 | Shoals:4 | Entered Level 4 of the Shoals
 35681 | Shoals:4 | Learned a level 3 spell: Lesser Beckoning
 35685 | Shoals:4 | Learned a level 3 spell: Portal Projectile
 35690 | Shoals:4 | Learned a level 4 spell: Passage of Golubria
 35739 | Shoals:4 | Found Cyaxor Lyu's Magic Scroll Shoppe.
 35761 | Shoals:4 | Identified the +9 morningstar "Humeommi" {spect, Str+5}
 35805 | Shoals:4 | Bought a scroll of enchant armour for 135 gold pieces
 35805 | Shoals:4 | Bought a scroll of enchant armour for 135 gold pieces
 36134 | Shoals:4 | Got a barnacled rune of Zot
 36411 | Shoals:4 | Identified the +3 flail of Brawling {vamp, rElec rC++}
 36924 | Vaults:1 | Entered Level 1 of the Vaults
 37080 | Vaults:1 | Found Quikkug's Weapon Shop.
 38022 | Vaults:1 | Reached skill level 23 in Polearms
 38023 | Vaults:1 | Identified the +6 mace of War {vorpal, rF+}
 38325 | Vaults:1 | Your ally Mlioglotl died
 38339 | Vaults:1 | Reached XP level 21. HP: 85/178 MP: 2/33
 39898 | Vaults:2 | Reached skill level 10 in Armour
 39973 | Vaults:2 | Reached skill level 1 in Translocations
 40231 | Vaults:2 | Reached skill level 1 in Throwing
 40485 | Vaults:2 | Reached skill level 24 in Polearms
 40492 | Vaults:2 | Reached XP level 22. HP: 110/188 MP: 1/34
 40680 | Vaults:2 | Found Xeik's Weapon Boutique.
 40688 | Vaults:2 | Bought 3 boomerangs of dispersal for 54 gold pieces
 41500 | Vaults:3 | Found a staircase to the Crypt.
 41501 | Vaults:3 | Noticed a bone dragon
 41510 | Vaults:3 | Killed a bone dragon
 41786 | Vaults:3 | Reached skill level 5 in Translocations
 42385 | Vaults:3 | Reached skill level 1 in Hexes
 42393 | Vaults:3 | Got the Tome of the Stinger and the Jaunt
 42824 | Vaults:3 | Reached skill level 1 in Air Magic
 43748 | Vaults:4 | Identified the +8 hand axe of a Billion Gods {vorpal,
                  | Fragile Str+2 Int+7 SInv}
 44032 | Vaults:4 | Reached skill level 5 in Throwing
 44046 | Vaults:4 | Reached XP level 23. HP: 181/196 MP: 2/35
 44675 | Vaults:4 | Learned a level 4 spell: Anguish
 44980 | Vaults:4 | Reached skill level 5 in Hexes
 45454 | Elf:1    | Entered Level 1 of the Elven Halls
 46728 | Elf:1    | Found Bohajap's Book Shop.
 46737 | Elf:1    | Bought a book of Party Tricks for 288 gold pieces
 46739 | Elf:1    | Learned a level 1 spell: Apportation
 47354 | Elf:2    | Reached skill level 1 in Spellcasting
 48009 | Elf:3    | Entered Level 3 of the Elven Halls
 48076 | Elf:3    | Found a magical portal.
 48085 | WizLab   | Entered Tukima's Studio
 48421 | WizLab   | Noticed Bnni's illusion
 48559 | WizLab   | Noticed Bnni's illusion
 48561 | WizLab   | Noticed Bnni's illusion
 48899 | WizLab   | Got Sif Muna's Atlas of Charms
 49914 | Elf:3    | HP: 4/197 [deep elf elementalist/fireball (36)]
 49931 | Elf:3    | HP: 9/197 [deep elf master archer/arrow (11)]
 49932 | Elf:3    | HP: 4/197 [deep elf master archer/arrow (12)]
 49935 | Elf:3    | Shot with an arrow by a deep elf master archer

Illustrated notes

Levels and vault maps discovered:
D:1:      matt_arrival_spirals, layout_basic,
          hellmonk_ecumenical_altar_dog_temple, st_stairs_11,
          minmay_tiny_reverse_x
D:2:      layout_basic, kennysheep_jessica_study
D:3:      layout_loops_cross, minmay_overflow_temple_star_quad, minmay_cupped
D:4:      layout_basic, grunt_temple_overflow_open,
          ashenzari_conservatory_becter, nicolae_zen_rock_garden
D:5:      layout_basic, trog_butcher_becter, kennysheep_little_box
D:6:      layout_cave_pods, enter_ossuary_3
D:7:      layout_cave_pools, temple_statues, serial_co_window_serial,
          co_window_paths_a, co_window_cross_1, co_window_paths_a,
          co_window_paths_a, co_window_corner_a, co_window_paths_c,
          co_window_2corner, co_window_cross_4, co_window_paths_c,
          co_window_of_opportunity_c, co_window_of_opportunity_c,
          co_window_corner_cb, glass_columns_b, glass_columns_a, glass_columns_c
D:8:      layout_gridville, mainiacjoe_overflow_surrounded_room,
          erik_lair_island, nicolae_blasting_shop
D:9:      layout_basic, erik_orc_4, minivault_13
D:10:     layout_cross, kennysheep_diamond
D:11:     layout_roguey, portal_ice_cave_entry_imps
D:12:     layout_loops_ring, serial_shops, shop_coins
D:13:     layout_loops_ring, grunt_vaults_entry_fortified,
          minmay_beelzebubs_servants
D:14:     layout_rooms, gauntlet_entry_generic, minmay_misc_feat_more_columns,
          uniq_louise
D:15:     hangedman_depths_entry_civil_slaughter, layout_basic
Lair:1:   layout_hall_layers, uniq_fannar
Lair:2:   layout_cave_pods, dummy_snake_entry, serial_bayou_pond_e,
          beast_lair_carwin_1, uniq_maggie
Lair:3:   layout_regular_city, minmay_shoals_entry_centaurs,
          serial_bayou_shore_b, serial_bayou_shore_b, uniq_gastronok
Lair:4:   layout_big_grid, serial_bayou_shore_a, serial_bayou_shore_b
Lair:5:   grunt_lair_end_beastmaster, layout_gridlike, slime_entry_1,
          hellmonk_ghost_happy_afterlife, uniq_nessos
Shoals:1: layout_shoals, nicolae_shoals_siren_and_animal_friends
Shoals:2: layout_shoals, nicolae_shoals_land_atoll, uniq_ilsuiw, uniq_mlioglotl
Shoals:3: dreamdust_from_the_deep, layout_shoals, uniq_polyphemus
Shoals:4: shoals_end_grunt_ice, layout_shoals, serial_shops, shop
Snake:1:  layout_gridlike
Snake:2:  layout_honeycomb, serial_shops, shop, minmay_shop_mass,
          nicolae_snake_coiling_death, minmay_shop_star, uniq_vashnia,
          uniq_azrael
Snake:3:  layout_misc_corridors, basic_altar
Snake:4:  grunt_snake_rune_spirals, layout_onion, uniq_roxanne
Orc:1:    layout_caves, basic_altar, guppyfry_orc_lava_fort
Orc:2:    grunt_orc_tribal_feast, layout_diamond_mine, special_room, basic_altar
Elf:1:    elf_arrival_002, layout_gridlike, serial_shops, shop, serial_glass,
          glass_columns_a, glass_columns_b, minmay_elf_crystal_hexagon
Elf:2:    nicolae_elf_blades_splatter_lattice
          [nicolae_blade_entry_splitting_headache], layout_geoelf_diagonals
Elf:3:    minmay_elf_hall_x, layout_loops_cross, mu_enter_wizlab_6
Vaults:1: vaults_room_corners, ontoclasm_vaults_ring_large,
          hangedman_vaults_stagger, nicolae_vaults_arrows,
          nicolae_vaults_branching_niches, nicolae_vaults_hallways_thing,
          v_misc_1, nicolae_vaults_little_squares_5,
          nicolae_vaults_shelves_hall, nicolae_vaults_alarming,
          layout_vaults_omnibox, serial_shops, nicolae_shop_crystal
Vaults:2: vaults_room_octagon, nicolae_vaults_little_squares_3,
          nicolae_vaults_three_branches, v_pattern_1, ontoclasm_vaults_fault,
          ontoclasm_vaults_spin, v_misc_3, nicolae_vaults_mini_display_case,
          ontoclasm_vaults_chip, ontoclasm_vaults_loading_screen,
          ontoclasm_vaults_gateway, vaults_room_guarded_vault,
          layout_vaults_big_room, serial_shops, shop
Vaults:3: minmay_crypt_entry_nasty_monster, st_check,
          nicolae_vaults_sealed_display, nicolae_vaults_specimen_jars,
          hangedman_vaults_cutoff, vaults_mumra_hexcomb, layout_vaults_omnigrid
Vaults:4: nicolae_vaults_back_hallway, nicolae_vaults_windows_and_doors_thing,
          v_rooms_3, hangedman_vaults_variations, v_misc_16, v_misc_10,
          vaults_dpeg_encased_lava, v_misc_9, hangedman_vaults_snaps,
          ontoclasm_vaults_shuriken, nicolae_vaults_little_squares_3,
          ontoclasm_vaults_twist, nicolae_vaults_angled_halls,
          layout_vaults_omnicross

Skill      XL: |  1  2  3  4  5  6  7  8  9 10 11 12 13 14 15 16 17 18 19 20 21 22 23 |
---------------+----------------------------------------------------------------------+-----
Polearms       | 3 4 5 6 7 9 11 12 14 15 17 18 19 20 21 22 23 24 | 24.0
Shields        | 5 6 9 10 11 13 15 17 19 20 | 20.0
Fighting       | 4 5 6 7 9 10 11 12 13 14 15 16 17 18 19 20 | 20.2
Invocations    | 2 3 5 6 8 9 11 12 14 15 16 17 | 17.7
Armour         | 4 6 8 10 11 12 | 12.1
Translocations | 2 6 9 |  9.0
Throwing       | 1 5 6 |  6.8
Hexes          | 4 5 |  5.0
Air Magic      | 3 4 |  4.2
Spellcasting   | 3 |  3.3

Action                   |  1- 3 |  4- 6 |  7- 9 | 10-12 | 13-15 | 16-18 | 19-21 | 22-24 || total
-------------------------+-------+-------+-------+-------+-------+-------+-------+-------++-------
Melee: Trident           |   120 |   205 |       |       |       |       |       |       ||   325
       Halberd           |       |    66 |   302 |    51 |       |       |       |       ||   419
       Bardiche          |       |       |       |   398 |   475 |   621 |   725 |   613 ||  2832
Throw: Dart              |       |     1 |       |       |     5 |     1 |       |       ||     7
       Throwing net      |       |       |       |       |     2 |     1 |       |       ||     3
 Cast: Vhi's Electric Ch |       |       |       |       |       |       |       |     1 ||     1
Invok: Recall Undead Har |       |       |       |     8 |     4 |    17 |    12 |    10 ||    51
       Drain Life        |       |       |       |     1 |       |     3 |       |     1 ||     5
       Bind Soul         |       |       |       |       |     1 |     5 |     4 |     3 ||    13
       Dark Bargain      |       |       |       |       |       |     1 |     1 |     1 ||     3
 Abil: Dig               |       |       |     1 |     2 |     5 |     5 |     1 |       ||    14
Evoke: Phantom mirror    |       |       |       |       |       |       |     1 |     1 ||     2
       Wand              |       |       |       |       |       |       |       |     1 ||     1
       Phial of floods   |       |       |       |       |       |       |       |     1 ||     1
  Use: Scroll            |       |       |    12 |     9 |     9 |     4 |     3 |     7 ||    44
       Potion            |       |       |       |     3 |     3 |    22 |     4 |    12 ||    44
 Stab: Distracted        |       |     1 |       |     4 |     8 |    13 |    20 |     5 ||    51
       Petrified         |       |       |       |       |       |     6 |       |       ||     6
       Fleeing           |       |       |       |       |       |       |    16 |       ||    16
       Invisible         |       |       |       |       |       |       |       |     3 ||     3
Armor: Scale mail        |    57 |    58 |       |       |       |       |       |       ||   115
       Plate armour      |       |    50 |     5 |       |       |    82 |    61 |    44 ||   242
       Chain mail        |       |       |   123 |   132 |   173 |    88 |    89 |   120 ||   725
Dodge: Dodged            |    53 |   104 |   143 |   121 |   142 |   140 |   104 |    92 ||   899
Block: Buckler           |    29 |    60 |   135 |    62 |       |       |       |       ||   286
       Reflection        |       |       |     1 |    16 |    27 |       |       |       ||    44
       Kite shield       |       |       |       |   196 |   331 |   218 |       |       ||   745
       Tower shield      |       |       |       |       |       |   187 |   558 |   456 ||  1201

Table legend: (Time is in decaauts)
 A = Elapsed time spent in this place.
 B = Non-inter-level travel time spent in this place.
 C = Inter-level travel time spent in this place.
 D = Time resting spent in this place.
 E = Time spent auto-exploring this place.
 F = Levels seen in this place.
 G = Mean time per level.
                   A        B        C        D        E       F      G
               +--------+--------+--------+--------+--------+-----+--------+
         Total |  50424 |  48229 |   2195 |   8756 |  29688 |  41 | 1229.9 |
       Dungeon |  18049 |  17196 |    853 |   2962 |  11157 |  15 | 1203.3 |
          Lair |   6116 |   5620 |    496 |     34 |   4874 |   5 | 1223.2 |
        Shoals |   4665 |   4519 |    146 |    419 |   2900 |   4 | 1166.2 |
     Snake Pit |   5716 |   5517 |    199 |   1395 |   2644 |   4 | 1429.0 |
  Orcish Mines |   1182 |   1027 |    155 |    126 |    686 |   2 |  591.0 |
   Elven Halls |   3318 |   3194 |    124 |    251 |   2497 |   3 | 1106.0 |
        Vaults |   8230 |   8010 |    220 |   2020 |   4355 |   4 | 2057.5 |
       Ossuary |    200 |    200 |      0 |      0 |    109 |   1 |  200.0 |
      Ice Cave |   1448 |   1448 |      0 |    644 |    330 |   1 | 1448.0 |
        Wizlab |   1035 |   1035 |      0 |    755 |     16 |   1 | 1035.0 |
      Gauntlet |    460 |    460 |      0 |    150 |    119 |   1 |  460.0 |
               +--------+--------+--------+--------+--------+-----+--------+

Top non-repeatable levels by time:
Vaults:3: 2444 daAuts
    D:13: 2203 daAuts
Vaults:2: 1960 daAuts
Vaults:1: 1930 daAuts
Vaults:4: 1895 daAuts
 Snake:4: 1862 daAuts
    D:15: 1823 daAuts
   Elf:1: 1796 daAuts
 Snake:2: 1721 daAuts
    D:14: 1563 daAuts
   IceCv: 1448 daAuts
     D:8: 1442 daAuts
  Lair:4: 1417 daAuts
  Lair:2: 1395 daAuts
     D:6: 1377 daAuts
